 Dungeon Crawl Stone Soup version 0.30-a0-553-g7fabdf1491 (webtiles) character file.

Game seed: 6404380452049149913

428 kae the Changer (level 6, 0/38 HPs)
             Began as a Demonspawn Transmuter on Dec 26, 2022.
             Slain by a water moccasin (9 damage)
             ... on level 5 of the Dungeon.
             The game lasted 00:03:52 (4017 turns).

kae the Changer (Demonspawn Transmuter)             Turns: 4017, Time: 00:03:53

Health: 0/38       AC:  2    Str: 10    XL:     6   Next: 65%
Magic:  5/11       EV: 19    Int: 16    God:
Gold:   18         SH:  4    Dex: 19    Spells: 1/11 levels left

rFire   . . .      SeeInvis +      - Unarmed
rCold   . . .      Faith    .    (shield currently unavailable)
rNeg    . . .      Spirit   .    (body armour currently unavailable)
rPois   x          Reflect  .    (helmet currently unavailable)
rElec   .          Harm     .    (cloak currently unavailable)
rCorr   .          Rampage  .    (gloves currently unavailable)
Will    .....      Clarity  +    (boots currently unavailable)
Stlth   ++                       (no amulet)
HPRegen 0.26/turn                v - ring of see invisible
MPRegen 0.12/turn                (no ring)

@: spider-form (expiring), very slightly contaminated
A: venomous fangs, tiny, (horns 1), condensation shield, demonic magic 1, (fangs
1), see invisible, clarity, frail 1
a: End Transformation


You were on level 5 of the Dungeon.
You were a venomous arachnid creature.
You visited 1 branch of the dungeon, and saw 5 of its levels.

You collected 186 gold pieces.
You spent 168 gold pieces at shops.


Innate Abilities, Weirdness & Mutations

You are a venomous arachnid creature.
You have poisonous fangs.
You are tiny and dextrous.
Your spellcasting is less reliable in this form.
Your armour is entirely melded.
You are incapable of wielding weapons or throwing items.
((You have a pair of small horns on your head.))
A meltable shield of frost defends you. (SH +4)
Spells you cast may paralyse adjacent enemies.
((You have very sharp teeth.))
You have supernaturally acute eyesight. (SInv)
You possess an exceptional clarity of mind.
You are frail. (-10% HP)


   Skills:
 - Level 1.0 Fighting
 - Level 1.7 Dodging
 + Level 3.9 Unarmed Combat
 + Level 3.4 Spellcasting
 * Level 4.4 Transmutations
 * Level 1.0 Ice Magic
 - Level 2.0 Poison Magic


You had one spell level left.
You knew the following spells:

 Your Spells              Type           Power      Damage    Failure   Level
a - Beastly Appendage     Tmut           32%        N/A       11%         1
b - Wereblood             Tmut           16%        N/A       13%         2
c - Spider Form           Tmut/Pois      13%        N/A       32%         3
d - Ice Form              Ice/Tmut       11%        N/A       71%         4

Your spell library contained the following spells:

 Spells                   Type           Power      Damage    Failure   Level
 Magic Dart               Conj           8%         1d3       38%         1
 Slow                     Hex            8%         N/A       38%         1
 Searing Ray              Conj           4%         2d4       47%         2
 Sublimation of Blood     Necr           2%         N/A       47%         2
 Confusing Touch          Hex            2%         N/A       69%         3
 Vampiric Draining        Necr           2%         2d6       69%         3
 Fulminant Prism          Conj/Hex       1%         3d5       96%         4
 Summon Hydra             Summ           1%         N/A       100%        7

Inventory:

Missiles
 d - 67 stones
 f - 5 boomerangs
 n - a throwing net {=f!f}
Armour
 a - a +0 robe (melded)
Jewellery
 v - a ring of see invisible (left front leg)
   (You found it on level 3 of the Dungeon)
 F - a ring of fire
   (You found it on level 1 of the Dungeon)
 O - a +4 ring of protection
   (You found it on level 5 of the Dungeon)
Wands
 o - a wand of polymorph (14)
   (You took it off a hobgoblin on level 3 of the Dungeon)
Scrolls
 c - 2 scrolls of teleportation {@r4}
 h - 3 scrolls of blinking {!r}
 l - 3 scrolls of amnesia
 m - a scroll of noise {!r}
 q - a scroll of magic mapping {!r}
Potions
 e - a potion of berserk rage {!q}
 g - 2 potions of curing {@q1}
 i - a potion of attraction {!q}
 j - a potion of heal wounds {@q2}
 k - 3 potions of flight

Dungeon Overview and Level Annotations

Branches:
Dungeon (5/15) Zot: 25990
 Temple: D:4-7

Altars:

Shops:
D:3 (!   D:5 ?

Annotations:
D:5 exclusion: ice beast

##...... ##
.#..... #.. # ...
.. ..# .. .## ..#
.###..# ..#
###.##..# #..##
#..##..## #.... #
##.......## ##S.#
# ##....##...###s#
##
###....#####....##
##.
........#####..##
##..
..####.........##
#.<. .##
#...####...# #.>#
.# ##.## ###.#
##.# .# ## ### #.#
.# ### .#


You could see a water moccasin.


Message History

Okay, then.
Okay, then.
Okay, then.
You see here a +0 long sword.
An ice beast comes into view.
An ice beast is nearby!
An ice beast is nearby!
Press: ? - help, v - describe, . - travel
Here: an ice beast (asleep)
The floor.
Placed new exclusion.
Unknown command.
Partly explored, can't reach some places.
Unknown command.
Partly explored, can't reach some places.
Partly explored, can't reach some places.
(D) Dungeon
Where to? (Enter - D:5, ? - help)
There is a stone staircase leading up here.
You climb upwards.
There is a stone staircase leading down here.
There is a stone staircase leading down here.
You climb downwards.
Level annotation: exclusion: ice beast
There is a stone staircase leading up here.
Partly explored, can't reach some places.
Partly explored, can't reach some places.
Partly explored, can't reach some places.
You climb upwards.
There is a stone staircase leading down here.
Things that are here:
a +0 leather armour; a +0 short sword You see here a +0 leather armour.
There is a stone staircase leading down here.
You climb downwards.
Level annotation: exclusion: ice beast
There is a stone staircase leading up here.
Unknown command.
p - a scroll labelled SIF WIYZ GAENKOO
Found Raemaf's Magic Scroll Shoppe.
There is an entrance to Raemaf's Magic Scroll Shoppe here.
q - a scroll of magic mapping {!r};
r - a scroll of identify {@r1}
r - 2 scrolls of identify {@r1} (gained 1) Thank you for shopping at Raemaf's Magic Scroll Shoppe!
As you read the scroll labelled SIF WIYZ GAENKOO, it crumbles to dust.
Magic quickly surges around you.
It was a scroll of vulnerability.
Unknown command.
As you read the scroll of identify {@r1}, it crumbles to dust.
i - a potion of attraction
As you read the scroll of identify {@r1}, it crumbles to dust.
k - 3 potions of flight
O - a +4 ring of protection You feel your willpower return.
A water moccasin comes into view.
The water moccasin hisses angrily.
A water moccasin is nearby!
A water moccasin is nearby!
A water moccasin is nearby!
Casting: Spider Form (dangerous; 14% risk of failure)
Confirm with . or Enter, or press ? or * to list all spells.
The spell is extremely dangerous to miscast (50% risk of failure)!
Continue anyway? [Y]es or [N]o only, please.
The spell is extremely dangerous to miscast (50% risk of failure)!
Continue anyway?
You miscast Ice Form.
You are very lightly contaminated with residual magic.
You are caught in an explosion of ice and frost! 😮 HP[-17] MP[-4]
You take 17 damage, and now have 26/43 hp.
MASSIVE DAMAGE!! (PAUSE)
You lost 4 mp, and now have 7/11 mp.
Unknown command.
Casting: Ice Form (extremely dangerous; 50% risk of failure)
Confirm with . or Enter, or press ? or * to list all spells.
You turn into a venomous arachnid creature.
Your +0 robe melds into your body.
Malevolent energies surge around you. The water moccasin barely misses you.
The water moccasin barely misses you. 😮 HP[+1] MP[-3]
You lost 3 mp, and now have 4/11 mp.
You hit the water moccasin but do no damage.
The water moccasin completely misses you.
You barely miss the water moccasin.
The water moccasin completely misses you.
The water moccasin bites you. 😮 HP[-5]
You take 5 damage, and now have 22/43 hp.
You bite the water moccasin! The water moccasin bites you!
* * * LOW HITPOINT WARNING * * *
😨 HP[-8]
You take 8 damage, and now have 14/43 hp.
You hit the water moccasin. The water moccasin bites you.
* * * LOW HITPOINT WARNING * * *
😱 HP[-5]
You take 5 damage, and now have 9/43 hp.
It was a potion of mutation.
You feel extremely strange.
Your thoughts seem clearer.
Your teeth lengthen and sharpen.
You feel frail.
Your vision sharpens.
Your transformation is almost over.
The water moccasin bites you!
You die...

Skill      XL: |  1  2  3  4  5  6 |
---------------+-------------------+-----
Transmutations | 2 3 4 |  4.4
Unarmed Combat | 3 |  3.9
Poison Magic   | 1 2 |  2.0
Spellcasting   | 3 |  3.4
Ice Magic      | 1 |  1.0
Fighting       | |  1.0
Dodging        | |  1.7

Action                   |  1- 3 |  4- 6 || total
-------------------------+-------+-------++-------
Melee: Unarmed           |    69 |    97 ||   166
       Kick              |    17 |     3 ||    20
       Headbutt          |     7 |     8 ||    15
 Cast: Beastly Appendage |    20 |     5 ||    25
       Spider Form       |     1 |    12 ||    13
  Use: Potion            |     1 |     1 ||     2
       Scroll            |     7 |     7 ||    14
 Stab: Paralysed         |     1 |     4 ||     5
Armor: Robe              |    13 |     4 ||    17
       Skin              |     2 |     5 ||     7
Dodge: Dodged            |    39 |    52 ||    91
Block: Other             |       |     2 ||     2

Levels and vault maps discovered:
D:1:      lemuel_arrival_lava_pool, layout_loops_ring,
          ebering_ecumenical_altar_box, st_stairs_5
D:2:      layout_basic, minmay_indecisive_spiral, uniq_natasha
D:3:      layout_basic, serial_shops, nicolae_shop_behind_doors, shop
D:4:      layout_cave_pods
D:5:      nicolae_cairo_tiling_large_dashed, layout_layer_cave, serial_shops,
          shop

Notes
Turn   | Place    | Note
-------+----------+-------------------------------------------
     0 | D:1      | kae the Demonspawn Transmuter began the quest for the Orb.
     0 | D:1      | Reached XP level 1. HP: 15/15 MP: 3/3
     0 | D:1      | magus.rc [v1.11.3]
   155 | D:1      | Reached skill level 2 in Transmutations
   243 | D:1      | Gained mutation: Spells you cast may paralyse adjacent
                  | enemies. [demonic ancestry]
   243 | D:1      | Reached XP level 2. HP: 14/21 MP: 3/5
   454 | D:1      | You pick up a book of Conjurations and begin reading...
   454 | D:1      | You add the spells Magic Dart, Searing Ray and Fulminant
                  | Prism to your library.
   555 | D:1      | Learned a level 2 spell: Wereblood
   609 | D:1      | Found a faded altar of an unknown god.
   841 | D:2      | You pick up a book of Blood and begin reading...
   841 | D:2      | You add the spells Sublimation of Blood and Summon Hydra to
                  | your library.
  1223 | D:2      | Noticed Natasha
  1224 | D:2      | Noticed a crimson imp
  1229 | D:2      | Killed Natasha
  1230 | D:2      | Reached skill level 3 in Unarmed Combat
  1230 | D:2      | Gained mutation: You have a pair of small horns on your
                  | head. [demonic ancestry]
  1230 | D:2      | Reached XP level 3. HP: 26/26 MP: 6/6
  1234 | D:2      | Learned a level 3 spell: Spider Form
  1366 | D:2      | Reached skill level 3 in Transmutations
  2088 | D:3      | Reached XP level 4. HP: 32/32 MP: 3/7
  2305 | D:3      | You pick up a book of Debilitation and begin reading...
  2305 | D:3      | You add the spells Slow, Vampiric Draining and Confusing
                  | Touch to your library.
  2415 | D:3      | Found Ixzybai's Weapon Emporium.
  2436 | D:3      | Found Zikkyac's Distillery.
  2787 | D:3      | Bought a potion of curing for 42 gold pieces
  2835 | D:4      | Reached skill level 1 in Poison Magic
  2835 | D:4      | Reached XP level 5. HP: 37/37 MP: 5/9
  2887 | D:4      | Reached skill level 3 in Spellcasting
  3081 | D:4      | Noticed a sky beast
  3087 | D:4      | Learned a level 4 spell: Ice Form
  3093 | D:4      | Killed a sky beast
  3094 | D:4      | Reached skill level 4 in Transmutations
  3094 | D:4      | Reached skill level 2 in Poison Magic
  3094 | D:4      | Gained mutation: A meltable shield of frost defends you.
                  | (SH +4) [demonic ancestry]
  3094 | D:4      | Reached XP level 6. HP: 37/43 MP: 6/11
  3174 | D:4      | Reached skill level 1 in Ice Magic
  3798 | D:5      | Entered Level 5 of the Dungeon
  3847 | D:5      | Noticed an ice beast
  3952 | D:5      | Found Raemaf's Magic Scroll Shoppe.
  3960 | D:5      | Bought a scroll of magic mapping for 82 gold pieces
  3960 | D:5      | Bought a scroll of identify for 22 gold pieces
  3960 | D:5      | Bought a scroll of identify for 22 gold pieces
  4008 | D:5      | Noticed a water moccasin
  4016 | D:5      | HP: 9/43 [water moccasin (5)]
  4017 | D:5      | Gained mutation: You possess an exceptional clarity of
                  | mind. [potion of mutation]
  4017 | D:5      | Gained mutation: You have very sharp teeth. [potion of
                  | mutation]
  4017 | D:5      | Gained mutation: You are frail. (-10% HP) [potion of
                  | mutation]
  4017 | D:5      | Gained mutation: You have supernaturally acute eyesight.
                  | (SInv) [potion of mutation]
  4017 | D:5      | Slain by a water moccasin

Vanquished Creatures
  A sky beast (D:4)
  An ogre (D:4)
  A necrophage (D:4)
  2 orc priests
  An orc wizard (D:4)
  Natasha (D:2)
  An adder (D:2)
  9 orcs
  2 ball pythons
  9 endoplasms
  2 giant cockroaches
  8 goblins
  7 hobgoblins
  4 kobolds
  5 quokkas
  4 bats
  2 frilled lizards
  4 rats
64 creatures vanquished.

Table legend:
 A = Non-vault XP
 B = Vault XP
 C = Vault XP percentage of total XP
 D = Non-vault monster count
 E = Vault monster count
 F = Vault count percentage of total count
                 A         B        C        D         E       F
            +---------+---------+-------+---------+---------+-------
      Total |     569 |      43 |   7.0 |      57 |       7 |  10.9
            +---------+---------+-------+---------+---------+-------
        D:1 |      21 |       2 |   8.7 |      12 |       2 |  14.3
        D:2 |      33 |      41 |  55.4 |      12 |       5 |  29.4
        D:3 |      69 |       0 |   0.0 |      15 |       0 |   0.0
        D:4 |     446 |       0 |   0.0 |      18 |       0 |   0.0
            +---------+---------+-------+---------+---------+-------

Illustrated notes

Table legend:
 A = Kills in this place as a percentage of kills in entire the game.
 B = Kills by you in this place as a percentage of kills by you in the entire game.
 C = Kills by friends in this place as a percentage of kills by friends in the entire game.
 D = Other kills in this place as a percentage of other kills in the entire game.
 E = Experience gained in this place as a percentage of experience gained in the entire game.
 F = Experience gained in this place divided by the number of levels of this place that you have seen.
                   A       B       C       D       E      F
               +-------+-------+-------+-------+-------+----------------------
         Total | 100.0 | 100.0 |   N/A |   N/A | 100.0 | 122.4
       Dungeon | 100.0 | 100.0 |   N/A |   N/A | 100.0 | 122.4
               +-------+-------+-------+-------+-------+----------------------

Table legend: (Time is in decaauts)
 A = Elapsed time spent in this place.
 B = Non-inter-level travel time spent in this place.
 C = Inter-level travel time spent in this place.
 D = Time resting spent in this place.
 E = Time spent auto-exploring this place.
 F = Levels seen in this place.
 G = Mean time per level.
                   A        B        C        D        E       F      G
               +--------+--------+--------+--------+--------+-----+--------+
         Total |   4009 |   3661 |    348 |    164 |   2976 |   5 |  801.8 |
       Dungeon |   4009 |   3661 |    348 |    164 |   2976 |   5 |  801.8 |
               +--------+--------+--------+--------+--------+-----+--------+

Top non-repeatable levels by time:
     D:2: 1363 daAuts
     D:4: 1055 daAuts
     D:1: 746 daAuts
     D:3: 701 daAuts
     D:5: 141 daAuts
